 Dungeon Crawl Stone Soup version 0.26-a0-651-gb41185065b (webtiles) character file.

Game seed: 18183232515496542847

(classic levelgen) 16 EnegeticOcto the Chopper (level 2, 17/27 HPs)
             Began as a Deep Dwarf Fighter on Oct 23, 2020.
             Quit the game on level 3 of the Dungeon.
             The game lasted 00:00:36 (164 turns).

EnegeticOcto the Chopper (Deep Dwarf Fighter)        Turns: 164, Time: 00:00:37

Health: 17/27      AC:  6    Str: 19    XL:     2   Next: 37%
Magic:  2/2        EV:  7    Int:  8    God:
Gold:   44         SH:  9    Dex: 12    Spells: 1/1 levels left

rFire    . . .     SeeInvis .   a - +0 war axe
rCold    . . .     Faith    .   c - +0 kite shield
rNeg     . . .     Spirit   .   b - +0 scale mail
rPois    .         Reflect  .   (no helmet)
rElec    .         Harm     .   (no cloak)
rCorr    .         Rampage  .   (no gloves)
MR       .....                  (no boots)
Stlth    ..........             (no amulet)
HPRegen  0.00/turn              (no ring)
MPRegen  0.08/turn              (no ring)

@: non-regenerating
A: damage resistance, heal wounds, sense surroundings 1, no regeneration
a: Heal Wounds


You were on level 3 of the Dungeon.
You visited 1 branch of the dungeon, and saw 3 of its levels.

You collected 44 gold pieces.

Inventory:

Hand Weapons
 a - a +0 war axe (weapon)
Armour
 b - a +0 scale mail (worn)
 c - a +0 kite shield (worn)
Scrolls
 f - 2 scrolls of noise {unknown}
Potions
 d - a potion of might {@q3}
 e - a potion of curing {unknown}


   Skills:
 - Level 2.6 Fighting
 + Level 3.4 Axes
 - Level 3.2 Armour
 - Level 3.2 Shields


You had one spell level left.
You didn't know any spells.
Your spell library was empty.

Dungeon Overview and Level Annotations

Branches:
Dungeon (3/15)

Altars:


Innate Abilities, Weirdness & Mutations

You are resistant to damage.
You can heal yourself by infusing magical energy.
You passively map a small area around you.
You do not regenerate.


Message History

Welcome, EnegeticOcto the Deep Dwarf Fighter.
It is said that the Orb of Zot exists deep within this dungeon.
Press ? for a list of commands and other information.
Found a staircase leading out of the dungeon.
You open the door.
Found a fuming white potion.
Found a stone staircase leading down.
There is an open door here.
e - a fuming white potion
There is a stone staircase leading down here.
You climb downwards.
There is a stone staircase leading up here.
A worm comes into view.
Found a scale mail.
A bat comes into view.
The worm closely misses you.
The bat moves out of view.
You slash the worm!
The worm is heavily wounded.
The bat barely misses you.
You slash the worm!
The worm is almost dead.
You block the bat's attack. The worm barely misses you.
You barely miss the worm.
The worm is almost dead.
The bat hits you. The worm bites you but does no damage.
You slash the bat!
You kill the bat!
You barely miss the worm. The worm closely misses you.
You hit the worm but do no damage.
The worm is severely wounded.
The worm bites you.
You completely miss the worm.
The worm is severely wounded.
The worm barely misses you.
You slash the worm!
You kill the worm!
No target in view!
You see here a bat corpse.
Found 13 gold pieces.
An adder comes into view.
The adder hisses angrily.
The adder moves out of view.
Found a hunting sling.
A bat comes into view.
A rat comes into view.
You see here 13 gold pieces.
You now have 13 gold pieces.
The adder barely misses you.
You miss the adder. You hit the rat but do no damage.
The rat bites you but does no damage. You block the adder's attack.
The rat bites you but does no damage. The adder barely misses you.
You slash the adder!
The adder is almost dead.
You hit the rat.
You kill the rat!
The adder bites you but does no damage. You block the adder's attack.
You barely miss the adder.
The adder is almost dead.
The adder bites you but does no damage.
Your shield and scale mail prevent you from hitting the adder.
The adder is almost dead.
You block the adder's attack. x2
You barely miss the adder.
The adder is severely wounded.
You block the adder's attack. The adder bites you.
You hit the adder but do no damage.
The adder is severely wounded.
The adder barely misses you. The adder bites you but does no damage.
You closely miss the adder.
The adder is severely wounded.
You block the adder's attack. x2
You slash the adder!
You kill the adder!
Your Axes skill increases to level 3!
You have reached level 2!
The bat hits you but does no damage.
Found a stone staircase leading down.
You slash the bat!
You kill the bat!
There is a stone staircase leading down here.
You climb downwards.
There is a stone staircase leading up here.
Found a scroll labeled AMIAB REATHULO.
f - a scroll labeled AMIAB REATHULO
Found a ring mail.
You see here a ring mail.
Found 15 gold pieces.
You now have 28 gold pieces (gained 15).
Found a scroll labeled AMIAB REATHULO.
f - 2 scrolls labeled AMIAB REATHULO (gained 1)
Found 16 gold pieces.
Found a mace.
You now have 44 gold pieces (gained 16).
You see here a mace.
Are you sure you want to abandon this character and quit the game? (Confirm with "yes".)

* #.#
##### ##
#.# #....
#. , #.#
#.### #.
#.# #.#
#.* #.#
#.# #. #.#
#[# #. #.#
#.#
#.######.#
#.#
#.@......#
#.# *
##########
#.# ,, ,
,, , #.#
*** #.###
*, #....
*, , ,
##### * *
* * *


There were no monsters in sight!

Vanquished Creatures
  An adder (D:2)
  A worm (D:2)
  2 bats (D:2)
  A rat (D:2)
5 creatures vanquished.

Notes
Turn   | Place    | Note
-------+----------+-------------------------------------------
     0 | D:1      | EnegeticOcto the Deep Dwarf Fighter began the quest for the
                  | Orb.
     0 | D:1      | Reached XP level 1. HP: 20/20 MP: 1/1
    37 | D:2      | Reached XP level 2. HP: 17/27 MP: 2/2
   164 | D:3      | Quit the game

Illustrated notes

Levels and vault maps discovered:
D:1:      dpeg_arrival_water_fire, layout_basic, serial_bayou_pond_d
D:2:      layout_basic
D:3:      layout_basic, serial_bayou_pond_d

Skill      XL: |  1 |
---------------+----+-----
Axes           | 3 |  3.4
Fighting       | |  2.6
Armour         | |  3.2
Shields        | |  3.2

Action                   || total
-------------------------++-------
Melee: War axe           ||    16
Armor: Scale mail        ||     7
Dodge: Dodged            ||     8
Block: Kite shield       ||     8

Table legend: (Time is in decaauts)
 A = Elapsed time spent in this place.
 B = Non-inter-level travel time spent in this place.
 C = Inter-level travel time spent in this place.
 D = Time resting spent in this place.
 E = Time spent auto-exploring this place.
 F = Levels seen in this place.
 G = Mean time per level.
                   A        B        C        D        E       F      G
               +--------+--------+--------+--------+--------+-----+--------+
         Total |    170 |    170 |      0 |      0 |      0 |   3 |   56.7 |
       Dungeon |    170 |    170 |      0 |      0 |      0 |   3 |   56.7 |
               +--------+--------+--------+--------+--------+-----+--------+

Top non-repeatable levels by time:
     D:3: 115 daAuts
     D:2: 47 daAuts
     D:1: 7 daAuts
